 Dungeon Crawl Stone Soup version 0.23.2-33-g5129a83184 (webtiles) character file.

Game seed: 13549737290953651751

1011 Andrea the Slasher (level 8, -3/64 HPs)
             Began as a Human Fighter on July 13, 2019.
             Slain by a hippogriff (9 damage)
             ... on level 7 of the Dungeon.
             The game lasted 00:08:26 (4588 turns).

Andrea the Slasher (Human Fighter)                  Turns: 4588, Time: 00:08:27

Health: -3/64      AC:  7    Str: 24    XL:     8   Next: 44%
Magic:  8/8        EV: 12    Int:  8    God:
Gold:   221        SH: 10    Dex: 18    Spells: 7/7 levels left

rFire    . . .     SeeInvis .   a - +0 long sword
rCold    . . .     Gourm    .   c - +0 shield
rNeg     . . .     Faith    .   b - +0 scale mail
rPois    .         Spirit   .   (no helmet)
rElec    .         Reflect  .   (no cloak)
rCorr    .         Harm     .   (no gloves)
MR       .....                  v - +0 pair of boots
Stlth    +.........             (no amulet)
HPRegen  0.20/turn              (no ring)
MPRegen  0.11/turn              (no ring)

@: mighty, agile
A: no striking features
a: no special abilities


You were on level 7 of the Dungeon.
You were hungry.

You visited 1 branch of the dungeon, and saw 6 of its levels.

You collected 221 gold pieces.

Inventory:

Hand Weapons
 a - a +0 long sword (weapon)
Armour
 b - a +0 scale mail (worn)
 c - a +0 shield (worn)
 v - a +0 pair of boots (worn)
Jewellery
 s - an uncursed ring of protection from fire {unknown}
Scrolls
 e - a scroll of enchant armour {unknown}
 g - 4 scrolls of identify {unknown}
 i - a scroll of fog {unknown}
 k - a scroll of blinking {unknown}
 l - 2 scrolls of enchant weapon {unknown}
 m - 3 scrolls of teleportation {unknown}
 u - a scroll of magic mapping {unknown}
 w - 3 scrolls of remove curse {unknown}
Potions
 d - 2 potions of might
 h - a potion of berserk rage {unknown}
 j - a potion of invisibility {unknown}
 n - a potion of magic {unknown}
 o - a potion of degeneration {unknown}
 p - a potion of ambrosia {unknown}
 q - a potion of mutation {unknown}
 t - 2 potions of brilliance {unknown}
 x - 2 potions of curing {unknown}
 z - a potion of heal wounds {unknown}
Comestibles
 f - 10 rations


   Skills:
 + Level 6.1 Fighting
 * Level 7.8 Long Blades
 - Level 3.0 Armour
 - Level 3.0 Shields


You had 7 spell levels left.
You didn't know any spells.
Your spell library was empty.

Dungeon Overview and Level Annotations

Branches:
Dungeon (5/15)
 Temple: D:4-7

Altars:
Fedhas
Gozag
Makhleb
Nemelex Xobeh
Vehumet
Yredelemnul

Shops:
D:5 *


Message History

Your Fighting skill increases to level 6!
The orc hits you but does no damage. The orc hits you with a +0 mace.
* * * LOW HITPOINT WARNING * * *
You slash the hippogriff!
The hippogriff is lightly wounded.
You block the orc's attack.
The hippogriff bites you but does no damage.
The hippogriff pecks you but does no damage.
The hippogriff barely misses you.
You slash the hippogriff!
The hippogriff is heavily wounded.
The orc barely misses you. The hippogriff completely misses you.
You riposte.
You slash the hippogriff!
The hippogriff is severely wounded.
The hippogriff pecks you but does no damage.
You block the hippogriff's attack. The orc barely misses you.
You barely miss the hippogriff.
The hippogriff is severely wounded.
The hippogriff bites you!
You die...

#J#.# #............
#.#.#####............
#.#J#..............?.
##...H...#.#'#########
#....#.#J#.#..#
..#..h...#H#.##.#
.....o####.#.# .#
...#oooo##O#.# ..
....####@##.#.# #..
... #H##.#.# ..
#....#.# ######.#
#.....# #.##### #.#
####'## #.....#


You could see a hippogriff, a hound, an orc priest, an orc wizard and 3 orcs.

Vanquished Creatures
  2 ice beasts
  A phantom (D:4)
  2 ogres
  A howler monkey (D:7)
  3 crimson imps
  An orc priest (D:4)
  A hound (D:7)
  3 orc wizards (D:5)
  4 worker ants
  A hound skeleton (D:5)
  A gnoll (D:1)
  5 adders
  4 oozes
  A worm (D:3)
  2 dart slugs
  4 leopard geckos
  12 orcs
  4 bats
  6 giant cockroaches
  8 hobgoblins
  10 jackals
  5 quokkas
  6 ball pythons
  5 frilled lizards
  12 goblins
  10 kobolds
  A leopard gecko skeleton (D:5)
  6 rats
121 creatures vanquished.

Notes
Turn   | Place    | Note
-------+----------+-------------------------------------------
     0 | D:1      | Andrea the Human Fighter began the quest for the Orb.
     0 | D:1      | Reached XP level 1. HP: 18/18 MP: 1/1
    28 | D:1      | Reached XP level 2. HP: 22/24 MP: 2/2
    88 | D:1      | Reached XP level 3. HP: 25/29 MP: 3/3
   138 | D:1      | Reached skill level 3 in Long Blades
   778 | D:2      | Reached XP level 4. HP: 31/35 MP: 4/4
  1656 | D:3      | Reached skill level 4 in Long Blades
  1675 | D:3      | Reached XP level 5. HP: 38/42 MP: 5/5
  1857 | D:3      | Found a faded altar of an unknown god.
  2628 | D:4      | Reached XP level 6. HP: 48/48 MP: 6/6
  2731 | D:4      | Reached skill level 5 in Long Blades
  2782 | D:4      | Noticed a phantom
  2913 | D:4      | Noticed an ogre
  2917 | D:4      | Killed an ogre
  3022 | D:4      | Killed a phantom
  3022 | D:4      | Reached skill level 6 in Long Blades
  3022 | D:4      | Reached XP level 7. HP: 13/55 MP: 7/7
  3290 | D:4      | Reached skill level 5 in Fighting
  3437 | D:4      | Found a burning altar of Makhleb.
  3488 | D:4      | Found a basalt altar of Yredelemnul.
  3721 | D:4      | Found a sparkling altar of Nemelex Xobeh.
  3721 | D:4      | Found a radiant altar of Vehumet.
  3722 | D:4      | Found a blossoming altar of Fedhas.
  3751 | D:5      | Entered Level 5 of the Dungeon
  3825 | D:5      | Found an opulent altar of Gozag.
  3829 | D:5      | Found Gozag's Platinum Reserve.
  4063 | D:5      | Reached skill level 7 in Long Blades
  4063 | D:5      | Reached XP level 8. HP: 52/63 MP: 8/8
  4080 | D:5      | You fall through a shaft for 2 floors!
  4564 | D:7      | Noticed a hippogriff
  4588 | D:7      | Slain by a hippogriff

Skill      XL: |  1  2  3  4  5  6  7  8 |
---------------+-------------------------+-----
Long Blades    | 3 4 6 7 |  7.8
Fighting       | 4 5 6 |  6.1
Armour         | |  3.0
Shields        | |  3.0

Action                   |  1- 3 |  4- 6 |  7- 9 || total
-------------------------+-------+-------+-------++-------
Melee: Long sword        |    83 |   280 |   110 ||   473
  Use: Potion            |       |     1 |     2 ||     3
  Eat: Chunk             |       |     7 |     5 ||    12
Armor: Scale mail        |    39 |   120 |    52 ||   211
Dodge: Dodged            |    31 |    90 |    51 ||   172
Block: Shield            |    41 |   144 |    47 ||   232
       Rpst.: Long sword |    14 |    36 |    19 ||    69
